 Dungeon Crawl Stone Soup version 0.26.1-16-g4e020e15dc (webtiles) character file.

Game seed: 5092929443211924911

50 Froggeryz the Ruffian (level 3, -5/29 HPs)
             Began as a Mummy Monk on Mar 11, 2024.
             Slain by an iguana (6 damage)
             ... on level 2 of the Dungeon.
             The game lasted 00:01:14 (1693 turns).

Froggeryz the Ruffian (Mummy Monk)                  Turns: 1693, Time: 00:01:14

Health: -5/29      AC:  5    Str: 15    XL:     3   Next: 55%
Magic:  3/3        EV: 11    Int:  9    God:
Gold:   15         SH:  0    Dex: 14    Spells: 2/2 levels left

rFire    x . .     SeeInvis .     - Unarmed
rCold    + . .     Faith    .   (no shield)
rNeg     + + +     Spirit   .   b - +0 ring mail
rPois    ∞         Reflect  .   (no helmet)
rElec    .         Harm     .   (no cloak)
rCorr    .         Rampage  .   (no gloves)
Will     .....                  (no boots)
Stlth    +.........             (no amulet)
HPRegen  0.09/turn              (no ring)
MPRegen  0.08/turn              (no ring)

@: no status effects
A: no potions, fire vulnerability, cold resistance 1, negative energy resistance
3, torment resistance, unbreathing
a: no special abilities


You were on level 2 of the Dungeon.
You visited 1 branch of the dungeon, and saw 2 of its levels.

You collected 15 gold pieces.

Inventory:

Armour
 b - a +0 ring mail (worn)
Scrolls
 c - a scroll of immolation
 d - a scroll of enchant armour
 e - a scroll of remove curse {unknown}
 f - a scroll of fog


   Skills:
 - Level 3.0 Fighting
 + Level 1.3 Armour
 - Level 2.4 Dodging
 - Level 1.5 Stealth
 * Level 3.4 Unarmed Combat


You had 2 spell levels left.
You didn't know any spells.
Your spell library was empty.

Dungeon Overview and Level Annotations

Branches:
Dungeon (2/15)

Altars:


Innate Abilities, Weirdness & Mutations

You do not drink.
Your flesh is vulnerable to fire.
You are immune to poison.
Your flesh is cold resistant. (rC+)
You are immune to negative energy. (rN+++)
You are immune to unholy pain and torment.
You can survive without breathing.


Message History

The iguana bites you!
* * * LOW HITPOINT WARNING * * *
You hit the iguana.
The iguana is moderately wounded.
The iguana bites you but does no damage.
You hit the iguana.
The iguana is heavily wounded.
The iguana bites you but does no damage.
You hit the iguana. Your punch misses the iguana.
The iguana is heavily wounded.
The iguana bites you.
* * * LOW HITPOINT WARNING * * *
You hit the iguana.
The iguana is severely wounded.
The iguana bites you.
* * * LOW HITPOINT WARNING * * *
You closely miss the iguana.
The iguana is severely wounded.
The iguana bites you.
You die...

#.# #...........#. #.#
####.#........... ##.#
#.......#.......# #..#
###..##.....#.... ..##
########.........#..... ###
#...........8#8....>... #
#......#....#[#........
#########....l##....8#8........
#[......#.....@..##............
#.......#......<#####..........
#.<.....#......### #..........
#.......#........## #..).......
####.####.....##..###..........
# #.###.(....###..............
##
###.........#######...#.###.#.
.# #........#................
... .#
#........#.....#####..........


You could see an iguana.

Vanquished Creatures
  2 adders (D:2)
  A worm (D:2)
  A dart slug (D:1)
  A leopard gecko (D:2)
  A ball python (D:1)
  3 bats
  A giant cockroach (D:1)
  5 hobgoblins
  A jackal (D:1)
  2 frilled lizards (D:1)
  2 goblins (D:2)
  3 kobolds
  4 rats
27 creatures vanquished.

Notes
Turn   | Place    | Note
-------+----------+-------------------------------------------
     0 | D:1      | Froggeryz the Mummy Monk began the quest for the Orb.
     0 | D:1      | Reached XP level 1. HP: 18/18 MP: 1/1
   119 | D:1      | Reached XP level 2. HP: 21/24 MP: 2/2
   999 | D:2      | Reached skill level 1 in Armour
   999 | D:2      | Reached XP level 3. HP: 27/29 MP: 3/3
  1692 | D:2      | HP: 1/29 [iguana (4)]
  1693 | D:2      | Slain by an iguana

Illustrated notes

Levels and vault maps discovered:
D:1:      dpeg_arrival_connections, layout_loops_cross, nrook_campfire,
          minmay_pentomino_t4
D:2:      layout_rooms, minmay_statues_item, chequers_decorated_corner

Skill      XL: |  1  2 |
---------------+-------+-----
Unarmed Combat | 3 |  3.4
Armour         | 1 |  1.3
Fighting       | |  3.0
Dodging        | |  2.4
Stealth        | |  1.5

Action                   || total
-------------------------++-------
Melee: Unarmed           ||   115
       Punch             ||     3
  Use: Scroll            ||     3
 Stab: Sleeping          ||     7
Armor: Robe              ||    20
       Ring mail         ||     3
Dodge: Dodged            ||    63
